Map: King Sejong Station LE

Players

Prohoops - Winner!

  • Race: Terran Terran
  • League: Platinum
  • Spawn Location: 5:00

Fropez

  • Race: Protoss Protoss
  • League: Gold
  • Spawn Location: 11:00

VOD

Have the link to the VOD?

Description

Time

  • Played on: Nov. 14, 2016, 6:29 p.m.
  • Length: 11:44
Show
View Real Time Build Order
Export as new Build Order

Prohoops Terran - Winner!

Build Orders: MMM Bio 

Get SALT Encoding   

  12  0:00  SCV  
  13  0:12  SCV  
  14  0:17  Supply Depot  
  14  0:26  SCV  
  15  0:39  SCV  
  15  0:41  Barracks  
  16  0:48  Refinery  
  16  0:52  SCV  
  17  1:11  Engineering Bay  
  17  1:21  SCV  
  18  1:36  Barracks Reactor  
  18  1:37  Orbital Command  
  18  1:56  Command Center  
  18  2:06  SCV  
  19  2:14  Supply Depot  
  19  2:15  Marine x2  
  19  2:21  SCV  
  22  2:28  Barracks  
  21  2:34  Marine  
  21  2:35  Marine  
  23  2:40  SCV  
  24  2:47  Barracks  
  24  2:53  Marine  
  24  2:57  SCV  
  26  3:08  Orbital Command  
  26  3:09  SCV  
  27  3:15  Marine x2  
  27  3:18  Barracks Tech Lab  
  29  3:22  SCV  
  30  3:33  Barracks Tech Lab  
  30  3:34  SCV  
  31  3:39  Marine x2, Engineering Bay  
  33  3:43  SCV  
  33  3:48  Marauder  
  36  3:51  SCV  
  37  3:56  Stimpack  
  37  3:59  Marauder  
  39  4:03  Marine  
  39  4:04  Marine  
  39  4:09  Supply Depot  
  41  4:13  Marauder  
  43  4:19  Missile Turret  
  43  4:21  Marauder  
  45  4:25  SCV  
  45  4:30  SCV  
  47  4:32  Supply Depot  
  47  4:36  Missile Turret  
  47  4:38  SCV  
  48  4:40  Marine x2  
  48  4:44  Marauder  
  52  4:46  SCV  
  53  4:54  Marauder  
  53  4:55  SCV  
  53  4:58  SCV  
  57  5:00  Supply Depot  
  57  5:07  SCV  
  57  5:08  Marine x2  
  57  5:09  Marauder  
  57  5:11  Combat Shields  
  62  5:20  SCV x2  
  64  5:25  Factory  
  64  5:27  Terran Infantry Weapons Level 1  
  64  5:30  Refinery  
  64  5:32  Marine x2  
  64  5:33  Refinery  
  66  5:43  Supply Depot  
  66  5:44  Marauder  
  66  5:46  Marauder  
  70  5:52  Marine x2  
  70  5:55  SCV x2  
  74  6:02  Concussive Shells  
  74  6:07  SCV x2  
  74  6:10  Marauder  
  78  6:18  Supply Depot  
  78  6:21  Marine x2  
  78  6:22  Marauder  
  78  6:25  Factory Reactor  
  82  6:34  Marauder  
  84  6:41  Starport  
  84  6:43  Marine  
  84  6:44  Marine  
  84  6:45  Marauder  
  88  6:50  SCV x2  
  88  6:51  Refinery  
  90  7:01  Marauder  
  92  7:02  SCV x2  
  94  7:20  Supply Depot  
  94  7:22  Supply Depot  
  94  7:25  Supply Depot  
  94  7:26  Supply Depot  
  94  7:41  Marine x2  
  94  7:42  SCV x2, Marauder  
  100  7:48  Supply Depot  
  100  7:49  Supply Depot  
  100  7:51  Supply Depot  
  100  7:54  SCV x2  
  100  7:58  Marauder  
  104  8:04  Barracks x2, Medivac x2  
  108  8:06  Factory Reactor  
  108  8:10  Marine  
  108  8:11  Marine, Marauder  
  112  8:25  Marauder  
  114  8:31  Marine x2  
  116  8:34  Medivac x2  
  120  8:42  Widow Mine x2  
  120  8:47  Liberator x2  
  124  8:49  Marauder x2  
  124  8:51  Marine  
  124  8:52  Marine, Barracks Reactor, Barracks Tech Lab  
  130  9:09  Reaper  
  137  9:12  Marine, Marauder x3  
  137  9:13  Widow Mine x2  
  148  9:30  Liberator x2  
  131  9:50  SCV x2  
  138  10:02  SCV x2  
  140  10:14  SCV x2  
  142  10:23  Marine x5  
  142  10:24  Marauder x2  
  142  10:26  SCV x2  
  151  10:38  SCV x2  
  151  10:42  Marauder  
  151  10:46  Marauder x2  
  155  10:51  Marine x3  
  158  11:06  Marine, SCV x2  
  158  11:07  Marauder x2  
  158  11:08  Marine, Marauder  
  158  11:09  Marine x2  
  147  11:18  SCV x2  
  147  11:24  Marine  
  148  11:31  SCV  
Show
View Real Time Build Order
Export as new Build Order

Fropez Protoss 

Build Orders:  

Get SALT Encoding   

  12  0:01  Probe (Chrono Boost)  
  13  0:15  Probe (Chrono Boost)  
  13  0:19  Pylon  
  14  0:25  Probe (Chrono Boost)  
  15  0:30  Assimilator  
  15  0:38  Probe (Chrono Boost)  
  16  0:43  Gateway  
  16  0:48  Probe (Chrono Boost)  
  17  1:00  Gateway  
  17  1:02  Probe (Chrono Boost)  
  18  1:12  Probe (Chrono Boost)  
  19  1:19  Assimilator  
  19  1:22  Pylon  
  19  1:26  Probe (Chrono Boost)  
  20  1:33  Cybernetics Core  
  20  1:37  Probe (Chrono Boost)  
  21  1:47  Probe (Chrono Boost)  
  22  1:58  Probe (Chrono Boost)  
  23  2:02  Gateway  
  24  2:08  Probe (Chrono Boost)  
  24  2:09  Stalker  
  24  2:14  Adept  
  28  2:16  Warp Gate (Chrono Boost)  
  30  2:23  Mothership Core (Chrono Boost)  
  30  2:36  Pylon  
  30  2:39  Pylon  
  30  2:41  Probe (Chrono Boost)  
  31  2:54  Probe (Chrono Boost)  
  32  3:06  Stalker x2  
  32  3:10  Stalker  
  38  3:22  Pylon  
  38  3:28  Pylon  
  39  3:34  Pylon, Probe (Chrono Boost)  
  39  3:39  Adept  
  39  3:41  Adept  
  43  3:46  Adept  
  45  3:57  Gateway  
  45  4:04  Probe  
  46  4:19  Pylon  
  46  4:28  Nexus  
  46  4:40  Probe  
  47  4:53  Adept x2  
  47  4:54  Adept x2  
  55  5:13  Probe  
  56  5:15  Assimilator  
  56  5:20  Assimilator  
  56  5:25  Probe  
  56  5:27  Stalker  
  59  5:32  Stalker  
  61  5:37  Probe  
  61  5:40  Probe  
  63  5:49  Probe  
  64  5:51  Probe  
  65  5:57  Twilight Council  
  65  6:01  Probe, Stalker  
  65  6:02  Probe  
  69  6:13  Adept  
  69  6:14  Adept  
  73  6:23  Probe  
  73  6:24  Probe  
  75  6:29  Resonating Glaives (Chrono Boost)  
  74  6:37  Forge  
  74  6:43  Probe  
  74  6:44  Probe  
  76  6:47  Robotics Facility  
  76  6:54  Probe  
  76  6:55  Gateway  
  76  6:59  Gateway  
  77  7:04  Adept x2  
  77  7:05  Adept x2  
  83  7:33  Probe  
  83  7:34  Probe  
  85  7:37  Protoss Ground Weapons Level 1 (Chrono Boost)  
  85  7:46  Warp Prism  
  85  7:47  Gateway  
  85  7:48  Probe  
  85  7:49  Probe  
  89  7:58  Gateway  
  89  8:00  Probe  
  90  8:07  Gateway  
  90  8:11  Probe  
  91  8:13  Probe  
  91  8:16  Pylon  
  91  8:17  Nexus  
  91  8:18  Pylon  
  92  8:20  Adept  
  92  8:21  Pylon  
  92  8:27  Pylon  
  94  8:30  Pylon  
  96  8:34  Probe x2  
  96  8:47  Adept  
  96  8:48  Adept x6  
  110  9:19  Adept  
  110  9:20  Adept x5  
  110  9:21  Adept  
  110  9:53  Assimilator  
  110  9:58  Assimilator  
  110  9:59  Probe  
  110  10:01  Probe x2, Gateway  
  110  10:04  Pylon  
  110  10:06  Pylon  
  113  10:12  Pylon  
  113  10:15  Stalker x5  
  113  10:16  Pylon, Stalker  
  125  10:27  Probe  
  125  10:29  Probe  
  127  10:36  Pylon  
  127  10:37  Immortal  
  123  10:45  Adept x3  
  89  11:21  Adept x3  
  89  11:22  Adept x3  
  89  11:23  Adept x4  
Tags
 
Composition
MMM Bio
Matchup
PvT
Replay Pack
All Mines
Spawn Locations
Cross Positions
Add a new tag
Caveats
  • Supply blocks, unpowered buildings, or Contaminate may cause inaccurate times.
  • Supply counts are checked every 10 seconds.